cohdb
Replays
Latest Replays
All Replays
Popular Replays
Top Player Replays
Match Explorer
How It Works
Community
CoH3 Stats
Reddit
Sign in to upload your games and track your stats! →
Sign in with Steam
Match 41273082
Unlisted
Match 41273082
Overview
Messages
Build Orders
End
Kradschützen Motorcycle Team
Panzerpioneer Squad
250 Light Carrier
250 Light Carrier
Kradschützen Motorcycle Team
Construct Light Support Kompanie
Combat Half-tracks
Panzerjäger Squad
2.5-tonne Medical Truck
Fire Support Elements
Construct Panzerarmee Kommand
Assault Mechanized Group
Selects Armored Support Battlegroup
Walking Stuka Rocket Launcher
Pak 38 Anti-tank Gun Team
Selects Salvage Kits
Selects Panzer Storm
Armored Reserves
Emergency Repair Kits
Vehicle Survival Package
Panzer IV Assault Group
Selects Stuka Dive Bomb
[HAN]Diederick Kastner
何必执着于夏日
帝国の突撃隊
Longbow64D
侽朲味
Vince B. Tan
Marble
Katyusha
0
0
Comments
sign in to comment!
No comments posted yet!